 Dungeon Crawl Stone Soup version 0.31-a0-986-g5e6e4ef867 (webtiles) character file.

Game seed: 7154980921230551280

5486 jasper the Summoner (level 10, -4/50 HPs)
             Began as a Spriggan Summoner on Nov 14, 2023.
             Was an Initiate of Ashenzari.
             Engulfed by a steam dragon's steam (5 damage)
             ... on level 8 of the Dungeon.
             The game lasted 00:28:23 (9740 turns).

jasper the Summoner (Spriggan Summoner)             Turns: 9740, Time: 00:28:23

Health: -4/50      AC:  3    Str:  7    XL:     10   Next: 42%
Magic:  23/30      EV: 36    Int: 20    God:    Ashenzari [......]
Gold:   143        SH:  0    Dex: 17    Spells: 0/23 levels left

rFire   . . .        q - +9 whip of Ymumeug {freeze, rC+ Str+3}
rCold   + . .        (no shield)
rNeg    . . .        a - +0 robe
rPois   +            (helmet restricted)
rElec   .            o - +0 cloak
rCorr   .            (gloves unavailable)
SInv    +            (boots unavailable)
Will    +....        s - amulet of the acrobat
Stlth   ++           g - ring of poison resistance
HPRegen 0.28/turn    e - ring of magical power
MPRegen 0.22/turn

%: acrobat
@: acrobatic, very quick
A: very small, no large weapons, unfitting armour, see invisible, speed 3
a: Renounce Religion


You were on level 8 of the Dungeon.
You worshipped Ashenzari.
Ashenzari was noncommittal.
You visited 2 branches of the dungeon, and saw 9 of its levels.

You collected 400 gold pieces.
You spent 257 gold pieces at shops.

Inventory:

Hand Weapons
 f - a +1 spear
 q - the +9 whip of Ymumeug (weapon) {freeze, rC+ Str+3}
   (You found it on level 3 of the Dungeon)

   Str+3:     It affects your strength (+3).
   rC+:       It protects you from cold.
 y - a +0 trident
Missiles
 c - 62 stones
 A - 3 boomerangs
Armour
 a - a +0 robe (worn)
 o - a +0 cloak (worn)
Jewellery
 e - a ring of magical power (right hand)
 g - a ring of poison resistance (left hand)
 p - an amulet of guardian spirit
 r - a +6 ring of strength
 s - an amulet of the acrobat (around neck)
 w - a ring of fire
 G - a +6 ring of dexterity
 J - a ring of protection from fire
Wands
 v - a wand of paralysis (9)
 I - a wand of flame (19)
Scrolls
 d - 2 scrolls of enchant weapon
 i - 2 scrolls of fog
 j - 4 scrolls of revelation
 k - 2 scrolls of immolation
 n - a scroll of fear
 u - 3 scrolls of teleportation
 x - a scroll of identify
 B - a scroll of vulnerability {unknown}
 C - a scroll of summoning
 H - 3 scrolls of noise
Potions
 b - 2 potions of magic
 h - 4 potions of ambrosia
 l - 3 potions of curing
 m - 2 potions of brilliance
 t - a potion of mutation
 z - a potion of heal wounds {unknown}
 D - a potion of might {unknown}
 E - 2 potions of lignification {unknown}
 F - a potion of degeneration {unknown}


   Skills:
 - Level 4.3 Fighting
 - Level 7.6 Dodging
 - Level 3.0 Stealth
 - Level 7.1 Spellcasting
 - Level 6.0 Hexes
 + Level 8.1 Summonings
 + Level 6.0 Necromancy
 - Level 2.0 Air Magic


You couldn't memorise any spells.
You knew the following spells:

 Your Spells              Type           Power      Damage    Failure   Level
a - Summon Lightning Spi  Summ/Air       27%        N/A       12%         4
b - Call Imp              Summ           78%        N/A       1%          2
c - Call Canine Familiar  Summ           39%        N/A       1%          3
d - Summon Guardian Gole  Hex/Summ       35%        N/A       1%          3
e - Anguish               Hex/Necr       15%        N/A       8%          4
f - Haunt                 Necr/Summ      17%        N/A       99%         7

Your spell library contained the following spells:

 Spells                   Type           Power      Damage    Failure   Level
 Necrotise                Necr           100%       1d9       1%          1
 Summon Small Mammal      Summ           100%       N/A       1%          1
 Jinxbite                 Hex            62%        N/A       1%          2
 Tukima's Dance           Hex            31%        N/A       2%          3
 Vampiric Draining        Necr           31%        2d8       2%          3
 Ensorcelled Hibernation  Hex/Ice        38%        N/A       4%          2
 Animate Dead             Necr           31%        N/A       8%          4
 Inner Flame              Hex/Fire       19%        N/A       9%          3
 Freeze                   Ice            28%        1d5       10%         1
 Agony                    Necr           31%        N/A       22%         5
 Dimensional Bullseye     Hex/Tloc       9%         N/A       26%         4
 Frozen Ramparts          Ice            14%        1d3       28%         3
 Hailstorm                Conj/Ice       7%         3d4       28%         3
 Flame Wave               Conj/Fire      7%         2d5       67%         4
 Iskenderun's Mystic Bla  Conj/Tloc      7%         2d4       67%         4
 Sticky Flame             Conj/Fire      7%         2d3       67%         4
 Orb of Destruction       Conj           3%         9d5       100%        7
 Spellforged Servitor     Conj/Summ      11%        N/A       100%        7
 Borgnjor's Revivificati  Necr           15%        N/A       100%        8
 Infestation              Necr           15%        N/A       100%        8
 Death's Door             Necr           15%        N/A       100%        9


Dungeon Overview and Level Annotations

Branches:
Dungeon (8/15)             Temple (1/1) D:6
   Lair: D:8-11

Altars:
Ashenzari
Cheibriados
Dithmenos
Elyvilon
Fedhas
Gozag
Kikubaaqudgha
Nemelex Xobeh
Okawaru
Qazlal
Ru
Sif Muna
Trog
Uskayaw
Vehumet
Wu Jian
Xom
Yredelemnul
Zin
The Shining One
Lugonu

Shops:
D:5 **=?[

Portals:
Abyss: D:3

Annotations:
D:3 Grinder
D:6 Jeremiah


Innate Abilities, Weirdness & Mutations

You are very small and have problems with some larger weapons.
You are too small for most types of armour.
You have supernaturally acute eyesight. (SInv)
You cover ground extremely quickly. (Speed+++)


Message History

The steam dragon bites your lightning spire.
Your lightning spire is destroyed!
Your lightning spire disappears in a puff of smoke!
The steam dragon breathes steam at you. The ball of steam misses you.
The steam dragon breathes steam at you. The ball of steam misses you.
Your wolf bites the steam dragon but does no damage.
Your wolf closely misses the steam dragon.
Casting: Call Canine Familiar (safe; 1% risk of failure)
Confirm with . or Enter, or press ? or * to list all spells.
A guardian golem appears, shielding your allies.
You are engulfed in a cloud of scalding steam.
You take 7 damage, and have 18/50 hp.
You now have 21/30 mp.
Something closely misses your wolf. x2
The steam dragon bites your guardian golem but does no damage.
The steam dragon claws your guardian golem but does no damage.
Your wolf bites the steam dragon but does no damage.
The steam dragon bites your wolf.
The steam dragon barely misses your wolf.
Your wolf bites the steam dragon.
Your wolf barely misses the steam dragon.
The steam dragon bites your guardian golem but does no damage.
The steam dragon claws your guardian golem.
You are engulfed in a cloud of scalding steam.
Your wolf closely misses the steam dragon.
Your wolf bites the steam dragon.
The steam dragon bites your guardian golem.
The steam dragon claws your guardian golem but does no damage.
You take 2 damage, and have 17/50 hp.
Your wolf bites the steam dragon.
The steam dragon bites your guardian golem.
The steam dragon claws your guardian golem but does no damage.
Your wolf closely misses the steam dragon. x2
The steam dragon breathes steam at you. The ball of steam hits your wolf!
The ball of steam hits you!
* * * LOW HITPOINT WARNING * * *
You take 16 damage, and have 1/50 hp.
MASSIVE DAMAGE!!
You are engulfed in a cloud of scalding steam.
You die...

#.. #.# #.# #.#. ..#.#
#...## #..
############ ##.
#..@...........
#.§§....##..###. ##
#.§.§...##...... ..
#..§§.......... ..
#..9h...##...##. ..
#...D...##...#.. ##
######...............
#..)....###.<.###.#.##
#...#####.##.###.##
..)


There were no monsters in sight!

Vanquished Creatures
  A yak (D:7)
  A water moccasin (D:6)
  A sky beast (D:8)
  2 centaurs
  A gnoll sergeant (D:5)
  A scorpion (D:5)
  3 wights
  A howler monkey (D:8)
  An orc priest (D:7)
  2 hounds
  2 iguanas
  A jelly (D:5)
  4 orc wizards
  A mummy (D:5)
  2 gnolls
  5 adders
  A white imp (D:7)
  2 ufetubi (D:7)
  A worm (D:2)
  3 dart slugs
  4 orcs
  3 endoplasms
  2 giant cockroaches (D:1)
  4 goblins
  5 hobgoblins
  3 jackals
  4 quokkas
  4 ball pythons
  6 bats
  3 frilled lizards
  2 hobgoblin zombies (D:5)
  7 kobolds
  A kobold zombie (D:5)
  An orc zombie (D:5)
  A rat (D:2)
86 creatures vanquished.

Vanquished Creatures (collateral kills)
  Sigmund (D:7)
  2 yaks (D:7)
  A human (D:7)
  A sky beast (D:6)
  An orc warrior (D:7)
  3 centaurs
  5 wights
  A hound (D:7)
  5 orc priests
  A sleepcap (D:5)
  2 iguanas
  3 orc wizards
  3 gnolls
  3 adders
  2 white imps
  2 ufetubi (D:7)
  11 orcs
  2 ball pythons (D:1)
  2 bats (D:1)
  4 endoplasms
  2 giant cockroaches
  3 goblins
  5 hobgoblins
  6 jackals
  A quokka (D:1)
  3 frilled lizards
  3 rats
78 creatures vanquished.

Vanquished Creatures (others)
  A two-headed ogre (D:8)
  Pikel (D:6)
  Prince Ribbit (D:5)
  2 humans (D:7)
  3 yaks (D:7)
  Menkaure (D:5)
  A water moccasin (D:5)
  An ice beast (D:5)
  2 ogres
  A lemure (D:6)
  Blork the orc (D:5)
  A hound (D:5)
  2 iguanas (D:5)
  A gnoll (D:5)
  A lurking horror (D:3)
20 creatures vanquished.

Grand Total: 184 creatures vanquished

Notes
Turn   | Place    | Note
-------+----------+-------------------------------------------
     0 | D:1      | jasper the Spriggan Summoner began the quest for the Orb.
     0 | D:1      | Reached XP level 1. HP: 9/9 MP: 5/5
   550 | D:1      | Reached XP level 2. HP: 13/13 MP: 5/7
   553 | D:1      | Learned a level 2 spell: Call Imp
   926 | D:1      | Reached XP level 3. HP: 7/16 MP: 9/9
   930 | D:1      | Learned a level 3 spell: Call Canine Familiar
  1423 | D:2      | Learned a level 3 spell: Summon Guardian Golem
  1525 | D:2      | Reached skill level 4 in Summonings
  1754 | D:2      | Reached skill level 1 in Hexes
  1754 | D:2      | Reached XP level 4. HP: 21/21 MP: 11/11
  2178 | D:3      | Found a corrupted altar of Lugonu.
  2180 | D:3      | Found a one-way gate to the infinite horrors of the Abyss.
  2239 | D:3      | Noticed Grinder
  2299 | D:3      | Found a blossoming altar of Fedhas.
  2609 | D:3      | Identified the +9 whip of Ymumeug {freeze, rC+ Str+3}
  3272 | D:4      | Reached XP level 5. HP: 21/24 MP: 12/12
  4145 | D:5      | Entered Level 5 of the Dungeon
  4145 | D:5      | Found Iripekh's Armour Shoppe.
  4160 | D:5      | Noticed Prince Ribbit
  4188 | D:5      | Noticed an ice beast
  4220 | D:5      | Killed an ice beast
  4221 | D:5      | Reached skill level 1 in Fighting
  4221 | D:5      | Reached skill level 5 in Summonings
  4221 | D:5      | Reached XP level 6. HP: 30/30 MP: 13/13
  4226 | D:5      | Learned a level 4 spell: Summon Lightning Spire
  4275 | D:5      | Found Hotil's Jewellery Emporium.
  4394 | D:5      | Killed Prince Ribbit
  4395 | D:5      | Reached skill level 1 in Air Magic
  4395 | D:5      | Reached XP level 7. HP: 34/34 MP: 7/14
  4490 | D:5      | Found Nilopiarph's Magic Scroll Boutique.
  4506 | D:5      | Bought a scroll of fear for 56 gold pieces
  4506 | D:5      | Bought a scroll of teleportation for 42 gold pieces
  4545 | D:5      | Noticed Menkaure
  4559 | D:5      | Killed Menkaure
  4582 | D:5      | Reached skill level 6 in Summonings
  4742 | D:5      | Reached skill level 5 in Dodging
  5002 | D:5      | Found Tainiafi's Assorted Antiques.
  5012 | D:5      | Bought a scroll of teleportation for 90 gold pieces
  5012 | D:5      | Bought a scroll labelled UMAHIMAPUT for 30 gold pieces
  5111 | D:5      | Noticed Blork the orc
  5121 | D:5      | Reached XP level 8. HP: 32/39 MP: 15/15
  5147 | D:5      | Killed Blork the orc
  5586 | D:5      | Found Juysim's General Store.
  5592 | D:5      | Bought a scroll of teleportation for 39 gold pieces
  5917 | D:6      | Noticed Pikel
  5929 | D:6      | Killed Pikel
  5930 | D:6      | Reached skill level 7 in Summonings
  6136 | D:6      | Reached XP level 9. HP: 39/45 MP: 16/16
  6141 | D:6      | Learned a level 4 spell: Anguish
  6299 | D:6      | Noticed Jeremiah
  6368 | D:6      | Reached skill level 1 in Necromancy
  6638 | D:7      | Noticed Sigmund
  6868 | D:7      | Reached skill level 5 in Hexes
  7635 | D:7      | Reached skill level 5 in Necromancy
  7813 | D:7      | Killed Sigmund
  7905 | D:7      | Reached XP level 10. HP: 23/49 MP: 16/17
  8246 | D:6      | Found a staircase to the Ecumenical Temple.
  8255 | Temple   | Entered the Ecumenical Temple
  8304 | Temple   | Became a worshipper of Ashenzari the Shackled
  8785 | D:7      | Reached skill level 8 in Summonings
  9025 | D:8      | Noticed a two-headed ogre
  9412 | D:8      | Reached skill level 5 in Spellcasting
  9569 | D:8      | Killed a two-headed ogre
  9578 | D:8      | Learned a level 7 spell: Haunt
  9739 | D:8      | HP: 1/50 [something/ball of steam (16)]
  9740 | D:8      | Engulfed by a steam dragon's steam

Illustrated notes

Levels and vault maps discovered:
D:1:      dpeg_arrival_prison, layout_loops_ring, kennysheep_doodads
D:2:      layout_loops_ring, nicolae_grassy_gnolls
D:3:      layout_loops_ring, mainiacjoe_overflow_paths, chequers_arboretum,
          amcnicky_altar_lugonu_corruption, uniq_grinder
D:4:      layout_basic
D:5:      layout_loops_ring, serial_shops, nicolae_stop_n_shop_1,
          nicolae_shop_crystal, shop, nicolae_shop_overgrown_old_shop, shop,
          minmay_mini_ossuary, uniq_menkaure, uniq_prince_ribbit1,
          uniq_blork_the_orc
D:6:      layout_basic, temple_hall, kennysheep_generic_room_15, uniq_pikel,
          uniq_jeremiah
D:7:      erik_cavepeople, layout_loops_corners, minmay_curled_crystal,
          st_stairs_1
D:8:      layout_loops_cross, mainiacjoe_overflow_brackets
Temple:   compressed_dpeg_triangle_lava_temple

Skill      XL: |  1  2  3  4  5  6  7  8  9 10 |
---------------+-------------------------------+-----
Spellcasting   | 3 4 7 |  7.1
Summonings     | 4 5 6 7 8 |  8.1
Hexes          | 1 2 3 6 |  6.0
Fighting       | 1 2 3 4 |  4.3
Dodging        | 3 4 5 7 |  7.6
Air Magic      | 1 2 |  2.0
Necromancy     | 6 |  6.0
Stealth        | |  3.0

Action                     |  1- 3 |  4- 6 |  7- 9 | 10-12 || total
---------------------------+-------+-------+-------+-------++-------
  Melee: Unarmed           |    26 |       |       |       ||    26
         Spear             |    67 |    34 |       |       ||   101
         Whip              |       |    33 |   106 |    50 ||   189
         Punch             |       |       |     1 |     1 ||     2
  Throw: Stone             |       |     1 |       |       ||     1
   Cast: Summon Small Mamm |    20 |       |       |       ||    20
         Call Imp          |    17 |    15 |     1 |     1 ||    34
         Summon Guardian G |       |     7 |    24 |     4 ||    35
         Call Canine Famil |       |     6 |    36 |    14 ||    56
         Summon Lightning  |       |       |     4 |     6 ||    10
         Anguish           |       |       |       |     4 ||     4
  Evoke: Wand              |       |       |     1 |       ||     1
    Use: Scroll            |     6 |     5 |     3 |     2 ||    16
   Stab: Distracted        |     1 |       |     1 |       ||     2
         Sleeping          |     2 |     5 |     1 |       ||     8
 Armour: Robe              |    25 |    18 |    36 |    21 ||   100
  Dodge: Dodged            |    62 |    38 |   104 |    59 ||   263

Table legend: (Time is in decaauts)
 A = Elapsed time spent in this place.
 B = Non-inter-level travel time spent in this place.
 C = Inter-level travel time spent in this place.
 D = Time resting spent in this place.
 E = Time spent auto-exploring this place.
 F = Levels seen in this place.
 G = Mean time per level.
                   A        B        C        D        E       F      G
               +--------+--------+--------+--------+--------+-----+--------+
         Total |   7369 |   6997 |    372 |    902 |   3985 |   9 |  818.8 |
       Dungeon |   7334 |   6988 |    346 |    902 |   3985 |   8 |  916.8 |
        Temple |     34 |      9 |     25 |      0 |      0 |   1 |   34.0 |
               +--------+--------+--------+--------+--------+-----+--------+

Top non-repeatable levels by time:
     D:7: 1551 daAuts
     D:5: 1411 daAuts
     D:1: 1068 daAuts
     D:3: 762 daAuts
     D:6: 735 daAuts
     D:4: 693 daAuts
     D:8: 605 daAuts
     D:2: 505 daAuts
  Temple: 34 daAuts
